 Dungeon Crawl Stone Soup version 0.26-a0-663-g36e8fdb655 (webtiles) character file.

Game seed: 4283909611448350352

37 Descartes the Sneak (level 3, -1/16 HPs)
             Began as a Spriggan Enchanter on Oct 12, 2020.
             Slain by a worm (8 damage)
             ... on level 2 of the Dungeon.
             The game lasted 00:02:37 (1749 turns).

Descartes the Sneak (Spriggan Enchanter)            Turns: 1749, Time: 00:02:37

Health: -1/16      AC:  2    Str:  4 (5)  XL:     3   Next: 21%
Magic:  8/8        EV: 18    Int: 15 (16) God:
Gold:   37         SH:  0    Dex: 13 (16) Spells: 7/8 levels left

rFire    . . .     SeeInvis +   a - +1 dagger
rCold    . . .     Faith    .   (shield restricted)
rNeg     . . .     Spirit   .   b - +0 robe
rPois    .         Reflect  .   (helmet restricted)
rElec    .         Harm     .   (no cloak)
rCorr    .         Rampage  .   (gloves unavailable)
MR       .....                  (boots unavailable)
Stlth    +++.......             (no amulet)
HPRegen  0.05/turn              (no ring)
MPRegen  0.11/turn              (no ring)

@: very quick
A: very small, unfitting armour, see invisible, speed 3
a: no special abilities


You were on level 2 of the Dungeon.
You visited 1 branch of the dungeon, and saw 2 of its levels.

You collected 37 gold pieces.

Inventory:

Hand Weapons
 a - a +1 dagger (weapon)
 f - a +0 hunting sling
Missiles
 c - a throwing net
 g - 65 stones (quivered)
 l - 15 poisoned darts
Armour
 b - a +0 robe (worn)
Scrolls
 d - a scroll of remove curse {unknown}
 e - a scroll of fog {unknown}
 h - 2 scrolls of teleportation {unknown}
 i - 2 scrolls of identify {unknown}
 j - a scroll of fear {unknown}
 m - a scroll of magic mapping {unknown}
Potions
 k - a potion of ambrosia {unknown}


   Skills:
 + Level 1.9 Short Blades
 + Level 3.7 Dodging
 + Level 5.0 Stealth
 - Level 3.0 Spellcasting
 - Level 4.0 Hexes


You had 7 spell levels left.
You knew the following spells:

 Your Spells              Type           Power        Failure   Level
a - Corona                Hex            ##.....      3%          1

Your spell library contained the following spells:

 Spells                   Type           Power        Failure   Level
 Confusing Touch          Hex            ##......     12%         3
 Tukima's Dance           Hex            ##......     12%         3
 Ensorcelled Hibernation  Hex/Ice        #.....       13%         2
 Dazzling Flash           Conj/Hex       #.....       26%         3


Dungeon Overview and Level Annotations

Branches:
Dungeon (2/15)

Altars:


Innate Abilities, Weirdness & Mutations

You are very small and have problems with some larger weapons.
You are too small for most types of armour.
You have supernaturally acute eyesight. (SInv)
You cover ground extremely quickly.


Message History

You hit the worm but do no damage.
The worm is lightly wounded.
The worm misses you.
You hit the worm.
The worm is lightly wounded.
You hit the worm.
The worm is moderately wounded.
The worm barely misses you.
You hit the worm but do no damage.
The worm is lightly wounded.
You hit the worm.
The worm is moderately wounded.
The worm barely misses you.
You hit the worm.
The worm is moderately wounded.
You hit the worm.
The worm is heavily wounded.
The worm bites you!
Ouch! That really hurt!
You die...

.........# #...
................# #..#
...............#####.#
#....>.........w....K. ..
#...........$..##.####
.....#..............##.?...
.....#.....................
....!#.................####
......./..@w...........#
..........##############
..........# ####
r.........# #... ######'###
#... #.###### #... #......#
#... #####......# #...
...........# #...


You could see a worm.

Vanquished Creatures
  An adder (D:2)
  A ball python (D:2)
  3 bats
  5 giant cockroaches
  5 goblins
  2 hobgoblins (D:1)
  2 frilled lizards (D:2)
  3 kobolds
  5 rats
27 creatures vanquished.

Notes
Turn   | Place    | Note
-------+----------+-------------------------------------------
     0 | D:1      | Descartes the Spriggan Enchanter began the quest for the
                  | Orb.
     0 | D:1      | Reached XP level 1. HP: 9/9 MP: 5/5
   446 | D:1      | Reached XP level 2. HP: 13/13 MP: 6/6
   819 | D:2      | Reached XP level 3. HP: 8/16 MP: 8/8
   824 | D:2      | Reached skill level 5 in Stealth
  1749 | D:2      | Slain by a worm

Illustrated notes

Levels and vault maps discovered:
D:1:      lightli_arrival_chessboard, layout_basic,
          chequers_serial_rivers_micro_a
D:2:      layout_basic

Skill      XL: |  1  2  3 |
---------------+----------+-----
Spellcasting   | 3 |  3.0
Hexes          | 4 |  4.0
Stealth        | 5 |  5.0
Short Blades   | |  1.9
Dodging        | |  3.7

Action                   || total
-------------------------++-------
Melee: Dagger            ||    95
  Use: Potion            ||     3
 Stab: Sleeping          ||     9
       Distracted        ||     1
Armor: Robe              ||     5
Dodge: Dodged            ||    68

Table legend: (Time is in decaauts)
 A = Elapsed time spent in this place.
 B = Non-inter-level travel time spent in this place.
 C = Inter-level travel time spent in this place.
 D = Time resting spent in this place.
 E = Time spent auto-exploring this place.
 F = Levels seen in this place.
 G = Mean time per level.
                   A        B        C        D        E       F      G
               +--------+--------+--------+--------+--------+-----+--------+
         Total |   1359 |   1316 |     43 |    187 |    913 |   2 |  679.5 |
       Dungeon |   1359 |   1316 |     43 |    187 |    913 |   2 |  679.5 |
               +--------+--------+--------+--------+--------+-----+--------+

Top non-repeatable levels by time:
     D:1: 828 daAuts
     D:2: 531 daAuts
